 Dungeon Crawl Stone Soup version 0.21-a0-264-g3e31e41 (webtiles) character file.

8 Manul the Sneak (level 2, -1/15 HPs)
             Began as a Vine Stalker Assassin on Sept 10, 2017.
             Slain by a kobold
             ... wielding a +0 whip
              (3 damage)
             ... on level 1 of the Dungeon.
             The game lasted 00:00:29 (151 turns).

Manul the Sneak (Vine Stalker Assassin)              Turns: 151, Time: 00:00:29

Health: -1/15      AC:  3    Str: 13    XL:     2   Next: 8%
Magic:  0/3        EV: 11    Int: 11    God:
Gold:   11         SH:  0    Dex: 15    Spells: 1/1 levels left

rFire    . . .     SeeInvis .   b - +0 blowgun
rCold    . . .     Gourm    .   (no shield)
rNeg     . . .     Faith    .   c - +0 robe
rPois    .         Spirit   +   (no helmet)
rElec    .         Reflect  .   d - +0 cloak
rCorr    .         Harm     .   (no gloves)
MR       .....                  (no boots)
Stlth    +++.......             (no amulet)
HPRegen  0.05/turn              (no ring)
MPRegen  0.08/turn              (no ring)

@: no status effects
A: fangs 2, magic shield, antimagic bite, no potion heal 3, rot immunity
a: no special abilities


You were on level 1 of the Dungeon.
You were not hungry.

You visited 1 branch of the dungeon, and saw 1 of its levels.

You collected 11 gold pieces.

Inventory:

Hand Weapons
 a - a +2 dagger
 b - a +0 blowgun (weapon)
 f - a +3 whip
Missiles
 e - 7 poisoned needles (quivered)
Armour
 c - a +0 robe (worn)
 d - a +0 cloak (worn)
Comestibles
 g - a bread ration
 h - 4 chunks of flesh
 i - a royal jelly
 j - a meat ration


   Skills:
 + Level 2.0 Fighting
 + Level 1.8 Short Blades
 + Level 1.8 Throwing
 + Level 0.7 Dodging
 + Level 5.2 Stealth


You had one spell level left.
You didn't know any spells.

Dungeon Overview and Level Annotations

Branches:
Dungeon (1/15)

Altars:


Innate Abilities, Weirdness & Mutations

You have extremely sharp teeth.
When hurt, damage is shared between your health and your magic reserves.
Your bite disrupts and absorbs the magic of your enemies.
Potions cannot restore your health.
You are immune to rotting.


Message History

Press: ? - help, Shift-Dir - straight line, f/p - kobold
Aim: a kobold, wielding an enchanted whip You shoot a curare-tipped needle.
The curare-tipped needle hits the kobold.
The kobold is poisoned.
The kobold convulses.
You kill the kobold!
A kobold comes into view. It is wielding a whip.
Found a throwing net.
You see here an enchanted whip.
f - an enchanted whip The kobold hits you with a whip.
* * * LOW HITPOINT WARNING * * *
A rat comes into view.
Firing (i - inventory):
e - 8 poisoned needles (quivered)
Press: ? - help, Shift-Dir - straight line, f - kobold
Aim: a kobold, wielding a whip You shoot a poisoned needle.
The poisoned needle closely misses the kobold.
The kobold hits you with a whip.
You die...

#.##..# #........
#(#.#.###..######
#...##...#.#
#..>###..#.###
#..#.........#
#..####.##.#...
#..# ##.##.#.##
#K####...#.#.#
#@.........#.#
#.####...#...# #.#
##.##.#.# #.#
#(#....##### ##.#
#........(.. ..#
#.#....##### #.#
#.##.#.####.
#.#####.##.#....#.
#...)......#......


You could see a kobold.

Vanquished Creatures
  A bat (D:1)
  A giant cockroach (D:1)
  A hobgoblin (D:1)
  A kobold (D:1)
  5 rats (D:1)
9 creatures vanquished.

Notes
Turn   | Place    | Note
-------+----------+-------------------------------------------
     0 | D:1      | Manul the Vine Stalker Assassin began the quest for the Orb.
     0 | D:1      | Reached XP level 1. HP: 11/11 MP: 2/2
    66 | D:1      | Reached skill level 5 in Stealth
   118 | D:1      | Reached XP level 2. HP: 11/15 MP: 3/3
   151 | D:1      | Slain by a kobold

Vault maps used:
D:1:      dpeg_arrival_rooms_a, minmay_pentomino_q2

Skill      XL: |  1 |
---------------+----+-----
Stealth        | 5 |  5.2
Fighting       | 2 |  2.0
Short Blades   | |  1.8
Throwing       | |  1.8
Dodging        | |  0.7

Action                   || total
-------------------------++-------
Melee: Dagger            ||    15
       Bite              ||     1
 Fire: Blowgun           ||     3
 Stab: Sleeping          ||     4
Armor: Robe              ||     7
Dodge: Dodged            ||     3

Table legend:
 A = Spawn XP
 B = Non-spawn XP
 C = Spawn XP percentage of total XP
 D = Spawn monster count
 E = Non-spawn monster count
 F = Spawn count percentage of total count
 G = Total turns spent on level
                    A         B        C        D         E        F      G
               +---------+---------+-------+---------+---------+-------+---------
         Total |       0 |      12 |   0.0 |       0 |       9 |   0.0 |   151
               +---------+---------+-------+---------+---------+-------+---------
           D:1 |       0 |      12 |   0.0 |       0 |       9 |   0.0 |   151
               +---------+---------+-------+---------+---------+-------+---------
